RedWings vs Sharks

Created - Friday, February 27, 2015 at 00:42

Goals
1 2 3 T
RedWings 0 1 1 2
Sharks 1 1 2 4
Shots
1 2 3 T
RedWings 6 9 19 34
Sharks 9 9 9 27

1st period

1. Sharks , Brad Richards 15 (Mike Weber, Brian Gionta) at 15:10 (PP)

Penalties :
Milan Michalek (Det) for Hooking (Minor) at 0:11, Jay Harrison (SJ ) for Hooking (Minor) at 3:42, Bryan Bickell (Det) for Hooking (Minor) at 14:09, Zac Rinaldo (Det) for Tripping (Minor) at 17:30

2nd period

2. Sharks , Richard Panik 1 (Justin Fontaine, Mark Fistric) at 7:29
3. RedWings , Alex Goligoski 17 (Beau Bennett, Jannik Hansen) at 12:17 (PP)

Penalties :
Milan Michalek (Det) for Holding (Minor) at 0:44, Zac Rinaldo (Det) for Roughing (Minor) at 4:52, Matt Hendricks (SJ ) for Interference (Minor) at 10:24

3rd period

4. Sharks , Nathan Gerbe 15 (Brian Gionta, Brad Richards) at 0:06
5. RedWings , Jason Demers 14 (Devante Smith-Pelly, Milan Michalek) at 9:56 (PP)
6. Sharks , Brad Richards 16 (Nathan Gerbe, Brian Gionta) at 19:30 (Empty Net)

Penalties :
Zac Rinaldo (Det) for Diving (Minor) at 3:34, Dion Phaneuf (SJ ) for Elbowing (Minor) at 9:36, Matt Hendricks (SJ ) for Slashing (Minor) at 11:52, Jason Demers (Det) for Holding (Minor) at 13:26

Goalie Stats

Martin Jones (Det), 1 saves from 1 shots - (1.000), 7:04 minutes
Jonas Hiller (Det), 22 saves from 25 shots - (0.880), L, 14-31-3, 52:26 minutes
Jonathan Quick (SJ ), 32 saves from 34 shots - (0.941), W, 34-11-4, 60:00 minutes

Players Stats for RedWings

Player Name              G  A  P  +/- PIM S  H  SB GA TA FO     MP     PP MP  PK MP  
------------------------------------------------------------------------------------
Alex Goligoski           1  0  1  -1  0   6  2  2  0  1  0/0    26:25   3:06   7:03 
Alexei Emelin            0  0  0  -1  0   2  1  1  0  0  0/0    21:55   2:40   5:27 
Beau Bennett             0  1  1  -1  0   3  0  1  1  0  0/0    14:11   2:45   0:00 
Brandon Prust            0  0  0  -1  0   3  3  0  0  0  7/12   17:24   2:45   2:06 
Bryan Bickell            0  0  0   0  2   1  1  1  0  0  0/0    11:36   0:00   0:00 
Chris VandeVelde         0  0  0   0  0   1  0  0  0  0  4/10   11:37   0:00   0:00 
David Moss               0  0  0  -1  0   2  1  1  3  1  1/1    16:51   0:00   3:29 
Devante Smith-Pelly      0  1  1  -1  0   2  1  0  0  0  0/2    12:55   3:01   0:00 
Eric Gryba               0  0  0  -1  0   0  0  1  0  2  0/0    11:39   0:00   0:00 
Jannik Hansen            0  1  1  -1  0   0  2  0  3  0  1/3    19:02   2:45   3:29 
Jason Demers             1  0  1  -1  2   3  0  2  1  2  0/0    21:16   2:39   4:49 
Jesse Joensuu            0  0  0   0  0   0  0  0  0  0  0/0     1:04   0:00   0:14 
Johnny Boychuk           0  0  0  -1  0   2  0  1  1  3  0/0    26:25   3:06   7:03 
Justin Abdelkader        0  0  0  -2  0   4  2  0  2  1  5/15   23:21   3:01   8:47 
Milan Michalek           0  1  1  -2  4   3  0  1  2  0  4/11   24:38   3:01   4:47 
Nick Leddy               0  0  0  -1  0   1  0  0  0  0  0/0    12:17   0:00   0:38 
Travis Moen              0  0  0   0  0   0  2  0  0  0  0/0     5:28   0:00   0:00 
Zac Rinaldo              0  0  0   0  6   1  3  0  0  0  0/2     8:49   0:00   2:08 

Players Stats for Sharks

Player Name              G  A  P  +/- PIM S  H  SB GA TA FO     MP     PP MP  PK MP  
------------------------------------------------------------------------------------
Andrew Ebbett            0  0  0   0  0   1  1  0  2  0  3/5     7:03   0:51   0:31 
Brad Richards            2  1  3   2  0   2  0  0  3  0  16/22  24:19   5:40   4:23 
Brian Gionta             0  3  3   2  0   5  2  0  1  1  1/1    19:11   6:46   0:44 
Deryk Engelland          0  0  0   1  0   1  2  0  0  0  0/0    14:34   0:00   0:00 
Dion Phaneuf             0  0  0   2  2   2  3  4  0  4  0/0    26:59   6:59   3:49 
Jay Harrison             0  0  0   1  2   2  1  1  1  1  0/0    10:43   0:00   0:00 
Justin Fontaine          0  1  1   1  0   1  0  0  0  0  0/0    14:34   0:00   0:00 
Mark Fistric             0  1  1   1  0   2  0  1  0  0  0/0    10:43   0:00   0:00 
Matt Hendricks           0  0  0   0  4   0  1  0  0  0  0/1    17:04   5:59   0:00 
Mike Green               0  0  0   0  0   4  0  2  2  0  0/0    22:16   5:31   1:57 
Mike Weber               0  1  1   0  0   2  1  4  0  1  0/0    22:16   5:31   1:57 
Nathan Gerbe             1  1  2   2  0   1  0  1  1  0  0/1    16:26   6:31   0:00 
Nicklas Grossmann        0  0  0   2  0   1  0  2  1  0  0/0    27:00   6:59   3:49 
Nikita Nikitin           0  0  0   0  0   0  0  0  0  0  0/0     0:00   0:00   0:00 
Olli Jokinen             0  0  0   0  0   0  1  1  4  0  9/15   21:46   5:44   4:31 
Rich Peverley            0  0  0   0  0   2  0  0  2  0  0/0    17:35   5:44   0:44 
Richard Panik            1  0  1   1  0   1  1  0  1  0  5/11   14:34   0:00   0:00 
Tom Kostopoulos          0  0  0   0  0   0  0  0  0  1  0/0     6:37   0:15   0:39 

3 Stars

1 - Brad Richards (SJ )
2 - Brian Gionta (SJ )
3 - Nathan Gerbe (SJ )

Power Play

RedWings - 2 on 4 Attempt(s) - 50.00%
Sharks - 1 on 7 Attempt(s) - 14.29%

Penalty Kill

RedWings - 6 on 7 Attempt(s) - 85.71% - Score 0 goal in Penalty Kill
Sharks - 2 on 4 Attempt(s) - 50.00% - Score 0 goal in Penalty Kill

Team Stat

RedWings - Hits : 18 - Faceoff Wins : 22 - Blocked Shots : 11 - Penalty Minutes : 14
Sharks - Hits : 13 - Faceoff Wins : 34 - Blocked Shots : 16 - Penalty Minutes : 8

Official

Referees : Unknown
Linesman : Unknown

Game Notes

Martin Jones is injured at 7:04 of 1st period (Right Hand)
Jonas Hiller enters game at 7:04 of 1st period
9:47 of 2nd period - RedWings goal is going for a video replay. After video review, No Goal. The attacking player has interfered with a goalkeeper in his goal crease.
Brad Richards has scored in a empty net!

Finance

Level 1 -- Attendance: 5083 (84.72%) -- Ticket Income $452,387
Level 2 -- Attendance: 3391 (67.82%) -- Ticket Income $233,979
Level 3 -- Attendance: 1528 (76.40%) -- Ticket Income $53,480
Level 4 -- Attendance: 2493 (62.33%) -- Ticket Income $62,325
Luxury Box -- Attendance: 722 (72.20%) -- Ticket Income $143,678
Game was played at the HP Pavilion'
Total Attendance: 13217 (73.43%)
Total Ticket Income: $945,849
Other Income: $463,466
Total Income: $1,409,315

RedWings

5 vs 5 Forward 
   Center                   Left Wing                Right Wing               Time % Phy DF OF 
 1 Justin Abdelkader        Milan Michalek           Devante Smith-Pelly      35     1   2  2  
 2 Brandon Prust            Jannik Hansen            Beau Bennett             30     1   2  2  
 3 Chris VandeVelde         Bryan Bickell            David Moss               22     1   2  2  
 4 Milan Michalek           Zac Rinaldo              Travis Moen              13     1   2  2  

5 vs 5 Defense 
   Defense                  Defense                                           Time % Phy DF OF 
 1 Alex Goligoski           Johnny Boychuk                                    35     1   2  2  
 2 Alexei Emelin            Jason Demers                                      30     1   2  2  
 3 Eric Gryba               Nick Leddy                                        22     1   2  2  
 4 Alex Goligoski           Johnny Boychuk                                    13     1   2  2  

PowerPlay Forward 
   Center                   Left Wing                Right Wing               Time % Phy DF OF 
 1 Justin Abdelkader        Milan Michalek           Devante Smith-Pelly      60     1   2  2  
 2 Brandon Prust            Jannik Hansen            Beau Bennett             40     1   2  2  

PowerPlay Defense
   Defense                  Defense                                           Time % Phy DF OF 
 1 Alex Goligoski           Johnny Boychuk                                    60     1   2  2  
 2 Alexei Emelin            Jason Demers                                      40     1   2  2  

Penalty Kill 4 Players Forward 
   Center                   Wing                     Time % Phy DF OF 
 1 Milan Michalek           Justin Abdelkader        60     1   2  2  
 2 David Moss               Jannik Hansen            40     1   2  2  

Penalty Kill 4 Players Defense
   Defense                  Defense                  Time % Phy DF OF 
 1 Alex Goligoski           Johnny Boychuk           60     1   2  2  
 2 Alexei Emelin            Jason Demers             40     1   2  2  

Penalty Kill - 3 Players Forward 
   Forward                                           Time % Phy DF OF 
 1 Milan Michalek                                    60     1   2  2  
 2 Justin Abdelkader                                 40     1   2  2  

Penalty Kill - 3 Players Defense
   Defense                  Defense                  Time % Phy DF OF 
 1 Alex Goligoski           Johnny Boychuk           60     1   2  2  
 2 Alexei Emelin            Jason Demers             40     1   2  2  

4 vs 4 Forward 
   Center                   Wing                     Time % Phy DF OF 
 1 Milan Michalek           Justin Abdelkader        60     1   2  2  
 2 David Moss               Jannik Hansen            40     1   2  2  

4 vs 4 Defense
   Defense                  Defense                  Time % Phy DF OF 
 1 Alex Goligoski           Johnny Boychuk           60     1   2  2  
 2 Alexei Emelin            Jason Demers             40     1   2  2  

Last Minutes Offensive
   Center                   Left Wing                Right Wing               Defense                  Defense                  
   Justin Abdelkader        Milan Michalek           David Moss               Alex Goligoski           Johnny Boychuk           

Last Minutes Defensive
   Center                   Left Wing                Right Wing               Defense                  Defense                  
   Justin Abdelkader        Milan Michalek           David Moss               Alex Goligoski           Johnny Boychuk           

Goaltenders
Starting : Martin Jones             
Backup : Jonas Hiller             

Extra Forwards
Normal : Bryan Bickell, Devante Smith-Pelly, Zac Rinaldo - PP : Bryan Bickell, Devante Smith-Pelly - PK : Zac Rinaldo
Extra Defensemen
Normal : Eric Gryba, Nick Leddy, Alexei Emelin - PP : Eric Gryba - PK : Nick Leddy, Alexei Emelin
Penalty Shots
Milan Michalek, Justin Abdelkader, David Moss, Jannik Hansen, Travis Moen

Sharks

5 vs 5 Forward 
   Center                   Left Wing                Right Wing               Time % Phy DF OF 
 1 Brad Richards            Nathan Gerbe             Brian Gionta             35     1   2  2  
 2 Olli Jokinen             Matt Hendricks           Rich Peverley            30     1   2  2  
 3 Richard Panik            Deryk Engelland          Justin Fontaine          22     1   2  2  
 4 Andrew Ebbett            Brad Richards            Tom Kostopoulos          13     1   2  2  

5 vs 5 Defense 
   Defense                  Defense                                           Time % Phy DF OF 
 1 Dion Phaneuf             Nicklas Grossmann                                 35     1   2  2  
 2 Mike Green               Mike Weber                                        30     1   2  2  
 3 Mark Fistric             Jay Harrison                                      22     1   2  2  
 4 Dion Phaneuf             Nicklas Grossmann                                 13     1   2  2  

PowerPlay Forward 
   Center                   Left Wing                Right Wing               Time % Phy DF OF 
 1 Brad Richards            Nathan Gerbe             Brian Gionta             60     1   2  2  
 2 Olli Jokinen             Matt Hendricks           Rich Peverley            40     1   2  2  

PowerPlay Defense
   Defense                  Defense                                           Time % Phy DF OF 
 1 Dion Phaneuf             Nicklas Grossmann                                 60     1   2  2  
 2 Mike Green               Mike Weber                                        40     1   2  2  

Penalty Kill 4 Players Forward 
   Center                   Wing                     Time % Phy DF OF 
 1 Brad Richards            Olli Jokinen             60     1   2  2  
 2 Brian Gionta             Rich Peverley            40     1   2  2  

Penalty Kill 4 Players Defense
   Defense                  Defense                  Time % Phy DF OF 
 1 Dion Phaneuf             Nicklas Grossmann        60     1   2  2  
 2 Mike Green               Mike Weber               40     1   2  2  

Penalty Kill - 3 Players Forward 
   Forward                                           Time % Phy DF OF 
 1 Brad Richards                                     60     1   2  2  
 2 Olli Jokinen                                      40     1   2  2  

Penalty Kill - 3 Players Defense
   Defense                  Defense                  Time % Phy DF OF 
 1 Dion Phaneuf             Nicklas Grossmann        60     1   2  2  
 2 Mike Green               Mike Weber               40     1   2  2  

4 vs 4 Forward 
   Center                   Wing                     Time % Phy DF OF 
 1 Brad Richards            Olli Jokinen             60     1   2  2  
 2 Brian Gionta             Rich Peverley            40     1   2  2  

4 vs 4 Defense
   Defense                  Defense                  Time % Phy DF OF 
 1 Dion Phaneuf             Nicklas Grossmann        60     1   2  2  
 2 Mike Green               Mike Weber               40     1   2  2  

Last Minutes Offensive
   Center                   Left Wing                Right Wing               Defense                  Defense                  
   Brad Richards            Nathan Gerbe             Brian Gionta             Dion Phaneuf             Nicklas Grossmann        

Last Minutes Defensive
   Center                   Left Wing                Right Wing               Defense                  Defense                  
   Brad Richards            Nathan Gerbe             Brian Gionta             Dion Phaneuf             Nicklas Grossmann        

Goaltenders
Starting : Jonathan Quick           
Backup : Aaron Dell               

Extra Forwards
Normal : Brian Gionta, Brad Richards, Tom Kostopoulos - PP : Olli Jokinen, Brad Richards - PK : Tom Kostopoulos
Extra Defensemen
Normal : Mark Fistric, Nicklas Grossmann, Dion Phaneuf - PP : Mark Fistric - PK : Nicklas Grossmann, Dion Phaneuf
Penalty Shots
Brad Richards, Olli Jokinen, Brian Gionta, Rich Peverley, Nathan Gerbe

% Time on Ice - RedWings

Lines # - Real PCT - Wanted PCT - Time Play
Normal Forward
1 - 27% - 35% - 11:02
2 - 31% - 30% - 12:48
3 - 28% - 22% - 11:37
4 - 13% - 13% - 5:29
Normal Defense
1 - 33% - 35% - 13:41
2 - 33% - 30% - 13:25
3 - 29% - 22% - 11:40
4 - 5% - 13% - 2:10
PP Forward
1 - 52% - 60% - 3:01
2 - 48% - 40% - 2:45
PP Defense
1 - 54% - 60% - 3:06
2 - 46% - 40% - 2:40
PK Forward
1 - 72% - 60% - 9:01
2 - 28% - 40% - 3:29
PK Defense
1 - 56% - 60% - 7:03
2 - 44% - 40% - 5:27
PK3 Forward
1 - 0% - 60%
2 - 0% - 40%
PK3 Defense
1 - 0% - 60%
2 - 0% - 40%
44 Forward
1 - 100% - 60% - 0:25
2 - 0% - 40% - 0:00
44 Defense
1 - 100% - 60% - 0:25
2 - 0% - 40% - 0:00
Last Minute Offensive  - 0:23
Last Minute Defensive  - 0:00
Total
Forward - 60:00
Defense - 60:00

% Time on Ice - Sharks

Lines # - Real PCT - Wanted PCT - Time Play
Normal Forward
1 - 23% - 35% - 9:34
2 - 27% - 30% - 11:07
3 - 36% - 22% - 14:34
4 - 14% - 13% - 5:41
Normal Defense
1 - 34% - 35% - 13:44
2 - 35% - 30% - 14:23
3 - 26% - 22% - 10:44
4 - 5% - 13% - 2:05
PP Forward
1 - 54% - 60% - 6:46
2 - 46% - 40% - 5:44
PP Defense
1 - 56% - 60% - 6:59
2 - 44% - 40% - 5:31
PK Forward
1 - 87% - 60% - 5:02
2 - 13% - 40% - 0:44
PK Defense
1 - 66% - 60% - 3:49
2 - 34% - 40% - 1:57
PK3 Forward
1 - 0% - 60%
2 - 0% - 40%
PK3 Defense
1 - 0% - 60%
2 - 0% - 40%
44 Forward
1 - 100% - 60% - 0:25
2 - 0% - 40% - 0:00
44 Defense
1 - 0% - 60% - 0:00
2 - 100% - 40% - 0:25
Last Minute Offensive  - 0:00
Last Minute Defensive  - 0:23
Total
Forward - 60:00
Defense - 60:00

Play by Play

1st period


0:01 of 1st period - Justin Abdelkader wins face-off versus Nathan Gerbe in neutral zone.
0:06 of 1st period - Wrist shot by Justin Abdelkader.
0:06 of 1st period - Shot Misses the Net.
0:08 of 1st period - Slapshot by Johnny Boychuk.
0:08 of 1st period - Stopped by Jonathan Quick with a rebound.
0:10 of 1st period - Slapshot by Alex Goligoski.
0:10 of 1st period - Shot Misses the Net.
0:11 of 1st period - Minor Penalty to Milan Michalek for Hooking.
0:12 of 1st period - Brad Richards wins face-off versus Zac Rinaldo in RedWings zone.
0:19 of 1st period - Snap shot by Brad Richards.
0:19 of 1st period - Shot Misses the Net.
0:29 of 1st period - Johnny Boychuk is hit by Brian Gionta and loses puck.
0:56 of 1st period - Snap shot by Jannik Hansen.
0:56 of 1st period - Deflect By David Moss.
0:56 of 1st period - Stopped by Jonathan Quick with a rebound.
1:55 of 1st period - Jason Demers is hit by Mike Weber and loses puck.
2:11 of 1st period - Penalty to Milan Michalek is over, Milan Michalek is back on ice.
3:01 of 1st period - Snap shot by Richard Panik.
3:01 of 1st period - Shot Misses the Net.
3:12 of 1st period - Icing by Jay Harrison.
3:13 of 1st period - Justin Abdelkader wins face-off versus Richard Panik in Sharks zone.
3:42 of 1st period - Minor Penalty to Jay Harrison for Hooking.
3:43 of 1st period - Brandon Prust wins face-off versus Brad Richards in Sharks zone.
3:46 of 1st period - Snap shot by Brandon Prust.
3:46 of 1st period - Stopped by Jonathan Quick with a rebound.
4:12 of 1st period - Dion Phaneuf is hit by Jannik Hansen and loses puck.
5:42 of 1st period - Penalty to Jay Harrison is over, Jay Harrison is back on ice.
6:21 of 1st period - Snap shot by Nick Leddy.
6:21 of 1st period - Shot Misses the Net.
6:25 of 1st period - Slapshot by Nick Leddy.
6:25 of 1st period - Deflect By David Moss.
6:25 of 1st period - Stopped by Jonathan Quick with a rebound.
6:41 of 1st period - Travis Moen is hit by Richard Panik and loses puck.
7:04 of 1st period - Wrist shot by Brian Gionta.
7:04 of 1st period - Stopped by Martin Jones with a rebound.
7:04 of 1st period - Martin Jones from RedWings is injured at 7:04 of 1st period (Right Hand).
7:04 of 1st period - Jonas Hiller enters game.
7:05 of 1st period - Brad Richards wins face-off versus Justin Abdelkader in RedWings zone.
7:06 of 1st period - Slapshot by Brian Gionta.
7:06 of 1st period - Stopped by Jonas Hiller with a rebound.
7:40 of 1st period - Mike Green is hit by Justin Abdelkader and loses puck.
7:59 of 1st period - Rich Peverley is hit by Alex Goligoski.
8:26 of 1st period - Alexei Emelin is hit by Olli Jokinen and loses puck.
9:14 of 1st period - Dion Phaneuf is hit by Bryan Bickell and loses puck.
10:18 of 1st period - Jay Harrison is hit by Devante Smith-Pelly and loses puck.
10:31 of 1st period - Slapshot by Alex Goligoski.
10:31 of 1st period - Stopped by Jonathan Quick with a rebound.
11:32 of 1st period - Wrist shot by Justin Fontaine.
11:32 of 1st period - Shot Misses the Net.
11:34 of 1st period - Slapshot by Mike Green.
11:34 of 1st period - Shot Misses the Net.
11:36 of 1st period - Snap shot by Deryk Engelland.
11:36 of 1st period - Stopped by Jonas Hiller without a rebound.
11:37 of 1st period - Brandon Prust wins face-off versus Richard Panik in RedWings zone.
13:02 of 1st period - Icing by Alexei Emelin.
13:03 of 1st period - Andrew Ebbett wins face-off versus Brandon Prust in RedWings zone.
13:22 of 1st period - Slapshot by Mark Fistric.
13:22 of 1st period - Shot Misses the Net.
13:24 of 1st period - Slapshot by Mark Fistric.
13:24 of 1st period - Stopped by Jonas Hiller with a rebound.
13:26 of 1st period - Wrist shot by Tom Kostopoulos.
13:26 of 1st period - Shot Blocked by Jason Demers.
13:28 of 1st period - Slapshot by Jay Harrison.
13:28 of 1st period - Stopped by Jonas Hiller without a rebound.
13:29 of 1st period - Justin Abdelkader wins face-off versus Richard Panik in RedWings zone.
13:29 of 1st period - Justin Abdelkader is hit by Dion Phaneuf.
13:51 of 1st period - Snap shot by Richard Panik.
13:51 of 1st period - Shot Misses the Net.
14:02 of 1st period - Icing by Dion Phaneuf.
14:03 of 1st period - Richard Panik wins face-off versus Chris VandeVelde in Sharks zone.
14:09 of 1st period - Minor Penalty to Bryan Bickell for Hooking.
14:10 of 1st period - Milan Michalek wins face-off versus Matt Hendricks in RedWings zone.
14:17 of 1st period - Wrist shot by Rich Peverley.
14:17 of 1st period - Stopped by Jonas Hiller without a rebound.
14:18 of 1st period - Olli Jokinen wins face-off versus Milan Michalek in RedWings zone.
15:10 of 1st period - Snap shot by Mike Weber.
15:10 of 1st period - Deflect By Brad Richards.
15:10 of 1st period - Goal by Brad Richards - RedWings : 0 - Sharks : 1.
15:11 of 1st period - Brandon Prust wins face-off versus Brad Richards in neutral zone.
15:36 of 1st period - Snap shot by Brad Richards.
15:36 of 1st period - Shot Misses the Net.
15:38 of 1st period - Slapshot by Dion Phaneuf.
15:38 of 1st period - Shot Blocked by Alexei Emelin.
15:40 of 1st period - Slapshot by Dion Phaneuf.
15:40 of 1st period - Shot Blocked by Beau Bennett.
16:02 of 1st period - Wrist shot by Olli Jokinen.
16:02 of 1st period - Shot Misses the Net.
16:04 of 1st period - Slapshot by Mike Weber.
16:04 of 1st period - Stopped by Jonas Hiller without a rebound.
16:05 of 1st period - Olli Jokinen wins face-off versus Chris VandeVelde in RedWings zone.
17:30 of 1st period - Minor Penalty to Zac Rinaldo for Tripping.
17:31 of 1st period - Brad Richards wins face-off versus Milan Michalek in RedWings zone.
19:09 of 1st period - Slapshot by Justin Abdelkader.
19:09 of 1st period - Stopped by Jonathan Quick without a rebound.
19:10 of 1st period - Brad Richards wins face-off versus Brandon Prust in Sharks zone.
19:30 of 1st period - Penalty to Zac Rinaldo is over, Zac Rinaldo is back on ice.
19:59 of 1st period - Slapshot by Justin Fontaine.
19:59 of 1st period - Stopped by Jonas Hiller with a rebound.
Goals for this period are 0 for RedWings vs 1 for Sharks.
Shots for this period are 6 for RedWings vs 9 for Sharks.

2nd period


0:01 of 2nd period - Brad Richards wins face-off versus Justin Abdelkader in neutral zone.
0:36 of 2nd period - Wrist shot by Brad Richards.
0:36 of 2nd period - Shot Misses the Net.
0:44 of 2nd period - Minor Penalty to Milan Michalek for Holding.
0:45 of 2nd period - Olli Jokinen wins face-off versus Zac Rinaldo in RedWings zone.
1:08 of 2nd period - Slapshot by Mike Green.
1:08 of 2nd period - Shot Misses the Net.
1:43 of 2nd period - David Moss is hit by Brian Gionta and loses puck.
1:50 of 2nd period - Slapshot by Brian Gionta.
1:50 of 2nd period - Stopped by Jonas Hiller with a rebound.
1:52 of 2nd period - Slapshot by Nicklas Grossmann.
1:52 of 2nd period - Shot Blocked by David Moss.
1:54 of 2nd period - Wrist shot by Nicklas Grossmann.
1:54 of 2nd period - Shot Misses the Net.
1:56 of 2nd period - Snap shot by Nicklas Grossmann.
1:56 of 2nd period - Shot Blocked by Jason Demers.
1:58 of 2nd period - Slapshot by Dion Phaneuf.
1:58 of 2nd period - Stopped by Jonas Hiller with a rebound.
2:44 of 2nd period - Penalty to Milan Michalek is over, Milan Michalek is back on ice.
3:03 of 2nd period - Alex Goligoski is hit by Dion Phaneuf and loses puck.
3:08 of 2nd period - Snap shot by Justin Fontaine.
3:08 of 2nd period - Shot Misses the Net.
3:10 of 2nd period - Snap shot by Mark Fistric.
3:10 of 2nd period - Shot Misses the Net.
3:12 of 2nd period - Snap shot by Jay Harrison.
3:12 of 2nd period - Shot Blocked by Alex Goligoski.
3:14 of 2nd period - Slapshot by Jay Harrison.
3:14 of 2nd period - Shot Blocked by Johnny Boychuk.
3:16 of 2nd period - Slapshot by Mark Fistric.
3:16 of 2nd period - Stopped by Jonas Hiller with a rebound.
3:18 of 2nd period - Slapshot by Jay Harrison.
3:18 of 2nd period - Stopped by Jonas Hiller with a rebound.
3:46 of 2nd period - Slapshot by Brad Richards.
3:46 of 2nd period - Shot Misses the Net.
3:48 of 2nd period - Wrist shot by Andrew Ebbett.
3:48 of 2nd period - Shot Blocked by Bryan Bickell.
4:05 of 2nd period - Icing by Mark Fistric.
4:06 of 2nd period - Olli Jokinen wins face-off versus Jannik Hansen in Sharks zone.
4:52 of 2nd period - Minor Penalty to Zac Rinaldo for Roughing.
4:53 of 2nd period - Brad Richards wins face-off versus Milan Michalek in RedWings zone.
5:22 of 2nd period - Snap shot by Justin Abdelkader.
5:22 of 2nd period - Stopped by Jonathan Quick with a rebound.
5:41 of 2nd period - Icing by Nicklas Grossmann.
5:42 of 2nd period - David Moss wins face-off versus Olli Jokinen in Sharks zone.
6:07 of 2nd period - Johnny Boychuk is hit by Matt Hendricks.
6:52 of 2nd period - Penalty to Zac Rinaldo is over, Zac Rinaldo is back on ice.
7:01 of 2nd period - Mike Weber is hit by Zac Rinaldo and loses puck.
7:06 of 2nd period - Snap shot by Jannik Hansen.
7:06 of 2nd period - Deflect By David Moss.
7:06 of 2nd period - Shot Misses the Net.
7:06 of 2nd period - Puck is out of play.
7:07 of 2nd period - Jannik Hansen wins face-off versus Richard Panik in Sharks zone.
7:29 of 2nd period - Wrist shot by Richard Panik.
7:29 of 2nd period - Goal by Richard Panik - RedWings : 0 - Sharks : 2.
7:30 of 2nd period - Brad Richards wins face-off versus Chris VandeVelde in neutral zone.
7:40 of 2nd period - Snap shot by Jason Demers.
7:40 of 2nd period - Deflect By David Moss.
7:40 of 2nd period - Shot Misses the Net.
7:40 of 2nd period - Puck is out of play.
7:41 of 2nd period - Chris VandeVelde wins face-off versus Brad Richards in Sharks zone.
7:42 of 2nd period - Snap shot by Bryan Bickell.
7:42 of 2nd period - Shot Blocked by Dion Phaneuf.
8:31 of 2nd period - Wrist shot by Milan Michalek.
8:31 of 2nd period - Stopped by Jonathan Quick with a rebound.
8:33 of 2nd period - Slapshot by Alex Goligoski.
8:33 of 2nd period - Shot Misses the Net.
8:35 of 2nd period - Slapshot by Milan Michalek.
8:35 of 2nd period - Stopped by Jonathan Quick without a rebound.
8:36 of 2nd period - Justin Abdelkader wins face-off versus Olli Jokinen in Sharks zone.
9:27 of 2nd period - Slapshot by Mike Green.
9:27 of 2nd period - Stopped by Jonas Hiller without a rebound.
9:28 of 2nd period - Brandon Prust wins face-off versus Richard Panik in RedWings zone.
9:43 of 2nd period - Snap shot by Beau Bennett.
9:43 of 2nd period - Shot Misses the Net.
9:45 of 2nd period - Snap shot by Brandon Prust.
9:45 of 2nd period - Shot Misses the Net.
9:47 of 2nd period - Slapshot by Jason Demers.
9:47 of 2nd period - RedWings goal is going for a video replay.
9:47 of 2nd period - The goal is refused. The attacking player has interfered with a goalkeeper in his goal crease..
9:48 of 2nd period - Chris VandeVelde wins face-off versus Brad Richards in Sharks zone.
10:19 of 2nd period - Slapshot by Bryan Bickell.
10:19 of 2nd period - Shot Blocked by Nathan Gerbe.
10:21 of 2nd period - Wrist shot by Jason Demers.
10:21 of 2nd period - Deflect By Bryan Bickell.
10:21 of 2nd period - Stopped by Jonathan Quick without a rebound.
10:22 of 2nd period - Olli Jokinen wins face-off versus Brandon Prust in Sharks zone.
10:24 of 2nd period - Minor Penalty to Matt Hendricks for Interference.
10:25 of 2nd period - Brad Richards wins face-off versus Justin Abdelkader in Sharks zone.
11:20 of 2nd period - Nicklas Grossmann is hit by Brandon Prust and loses puck.
11:53 of 2nd period - Jason Demers is hit by Andrew Ebbett and loses puck.
12:04 of 2nd period - Mike Weber is hit by Justin Abdelkader and loses puck.
12:15 of 2nd period - Snap shot by Beau Bennett.
12:15 of 2nd period - Stopped by Jonathan Quick with a rebound.
12:17 of 2nd period - Slapshot by Alex Goligoski.
12:17 of 2nd period - Goal by Alex Goligoski - RedWings : 1 - Sharks : 2.
12:18 of 2nd period - Richard Panik wins face-off versus Chris VandeVelde in neutral zone.
12:21 of 2nd period - Slapshot by Mike Green.
12:21 of 2nd period - Shot Misses the Net.
12:23 of 2nd period - Snap shot by Justin Fontaine.
12:23 of 2nd period - Shot Blocked by Eric Gryba.
12:25 of 2nd period - Slapshot by Mike Weber.
12:25 of 2nd period - Stopped by Jonas Hiller with a rebound.
12:37 of 2nd period - Snap shot by Justin Fontaine.
12:37 of 2nd period - Shot Misses the Net.
14:29 of 2nd period - Slapshot by Alex Goligoski.
14:29 of 2nd period - Stopped by Jonathan Quick with a rebound.
14:59 of 2nd period - Slapshot by Jason Demers.
14:59 of 2nd period - Shot Misses the Net.
15:17 of 2nd period - Snap shot by Rich Peverley.
15:17 of 2nd period - Stopped by Jonas Hiller with a rebound.
15:23 of 2nd period - Mike Weber is hit by Alexei Emelin and loses puck.
15:30 of 2nd period - Snap shot by Beau Bennett.
15:30 of 2nd period - Shot Misses the Net.
15:48 of 2nd period - Andrew Ebbett is hit by Travis Moen and loses puck.
17:00 of 2nd period - Slapshot by Nick Leddy.
17:00 of 2nd period - Shot Blocked by Nicklas Grossmann.
17:04 of 2nd period - Snap shot by Alex Goligoski.
17:04 of 2nd period - Shot Blocked by Dion Phaneuf.
17:10 of 2nd period - Deryk Engelland is hit by Alex Goligoski and loses puck.
17:25 of 2nd period - Johnny Boychuk is hit by Deryk Engelland and loses puck.
19:11 of 2nd period - Wrist shot by Zac Rinaldo.
19:11 of 2nd period - Stopped by Jonathan Quick without a rebound.
19:12 of 2nd period - Olli Jokinen wins face-off versus Milan Michalek in Sharks zone.
19:57 of 2nd period - Slapshot by Mike Green.
19:57 of 2nd period - Stopped by Jonas Hiller with a rebound.
Goals for this period are 1 for RedWings vs 1 for Sharks.
Shots for this period are 9 for RedWings vs 9 for Sharks.

3rd period


0:01 of 3rd period - Brad Richards wins face-off versus Justin Abdelkader in neutral zone.
0:06 of 3rd period - Snap shot by Nathan Gerbe.
0:06 of 3rd period - Goal by Nathan Gerbe - RedWings : 1 - Sharks : 3.
0:07 of 3rd period - Brad Richards wins face-off versus Devante Smith-Pelly in neutral zone.
0:34 of 3rd period - Alex Goligoski is hit by Dion Phaneuf and loses puck.
1:07 of 3rd period - Mike Green is hit by Jannik Hansen and loses puck.
1:24 of 3rd period - Snap shot by Rich Peverley.
1:24 of 3rd period - Shot Misses the Net.
1:34 of 3rd period - Wrist shot by Rich Peverley.
1:34 of 3rd period - Shot Blocked by Alex Goligoski.
2:08 of 3rd period - Chris VandeVelde is hit by Jay Harrison and loses puck.
2:21 of 3rd period - Wrist shot by David Moss.
2:21 of 3rd period - Shot Misses the Net.
2:23 of 3rd period - Backhand shot by Nick Leddy.
2:23 of 3rd period - Deflect By Jay Harrison.
2:23 of 3rd period - Stopped by Jonathan Quick without a rebound.
2:24 of 3rd period - Andrew Ebbett wins face-off versus Justin Abdelkader in Sharks zone.
2:51 of 3rd period - Wrist shot by Nicklas Grossmann.
2:51 of 3rd period - Stopped by Jonas Hiller without a rebound.
2:52 of 3rd period - Milan Michalek wins face-off versus Olli Jokinen in RedWings zone.
3:34 of 3rd period - Minor Penalty to Zac Rinaldo for Diving.
3:35 of 3rd period - Brad Richards wins face-off versus Milan Michalek in RedWings zone.
4:13 of 3rd period - Icing by Dion Phaneuf.
4:14 of 3rd period - Brad Richards wins face-off versus Brandon Prust in Sharks zone.
5:15 of 3rd period - Slapshot by Justin Abdelkader.
5:15 of 3rd period - Shot Misses the Net.
5:34 of 3rd period - Penalty to Zac Rinaldo is over, Zac Rinaldo is back on ice.
6:00 of 3rd period - Deryk Engelland is hit by Zac Rinaldo.
6:08 of 3rd period - Alex Goligoski is hit by Deryk Engelland and loses puck.
6:46 of 3rd period - Snap shot by Andrew Ebbett.
6:46 of 3rd period - Stopped by Jonas Hiller without a rebound.
6:47 of 3rd period - Brandon Prust wins face-off versus Andrew Ebbett in RedWings zone.
7:06 of 3rd period - Mike Green is hit by Brandon Prust and loses puck.
7:29 of 3rd period - Wrist shot by Alexei Emelin.
7:29 of 3rd period - Stopped by Jonathan Quick without a rebound.
7:30 of 3rd period - Richard Panik wins face-off versus Milan Michalek in Sharks zone.
7:30 of 3rd period - Richard Panik is hit by Travis Moen.
7:40 of 3rd period - Slapshot by Dion Phaneuf.
7:40 of 3rd period - Stopped by Jonas Hiller with a rebound.
7:42 of 3rd period - Slapshot by Nicklas Grossmann.
7:42 of 3rd period - Deflect By Deryk Engelland.
7:42 of 3rd period - Shot Blocked by Milan Michalek.
7:42 of 3rd period - Puck is out of play.
7:43 of 3rd period - Olli Jokinen wins face-off versus Justin Abdelkader in RedWings zone.
7:44 of 3rd period - Snap shot by Rich Peverley.
7:44 of 3rd period - Shot Misses the Net.
8:07 of 3rd period - Icing by Eric Gryba.
8:08 of 3rd period - Brad Richards wins face-off versus Justin Abdelkader in RedWings zone.
8:25 of 3rd period - Slapshot by Nick Leddy.
8:25 of 3rd period - Shot Blocked by Mike Weber.
8:27 of 3rd period - Snap shot by Eric Gryba.
8:27 of 3rd period - Shot Blocked by Mike Green.
8:29 of 3rd period - Snap shot by Brandon Prust.
8:29 of 3rd period - Stopped by Jonathan Quick with a rebound.
8:31 of 3rd period - Snap shot by Eric Gryba.
8:31 of 3rd period - Shot Blocked by Mike Green.
8:33 of 3rd period - Slapshot by Jannik Hansen.
8:33 of 3rd period - Shot Blocked by Mike Weber.
8:35 of 3rd period - Slapshot by Nick Leddy.
8:35 of 3rd period - Deflect By Beau Bennett.
8:35 of 3rd period - Shot Misses the Net.
8:35 of 3rd period - Puck is out of play.
8:36 of 3rd period - Brandon Prust wins face-off versus Olli Jokinen in Sharks zone.
8:49 of 3rd period - Snap shot by Alex Goligoski.
8:49 of 3rd period - Stopped by Jonathan Quick with a rebound.
8:51 of 3rd period - Snap shot by Brandon Prust.
8:51 of 3rd period - Shot Blocked by Olli Jokinen.
8:53 of 3rd period - Wrist shot by Brandon Prust.
8:53 of 3rd period - Stopped by Jonathan Quick without a rebound.
8:54 of 3rd period - Chris VandeVelde wins face-off versus Olli Jokinen in Sharks zone.
9:22 of 3rd period - Dion Phaneuf is hit by David Moss.
9:36 of 3rd period - Minor Penalty to Dion Phaneuf for Elbowing.
9:37 of 3rd period - Brad Richards wins face-off versus Justin Abdelkader in Sharks zone.
9:46 of 3rd period - Wrist shot by Milan Michalek.
9:46 of 3rd period - Stopped by Jonathan Quick with a rebound.
9:48 of 3rd period - Wrist shot by Alexei Emelin.
9:48 of 3rd period - Stopped by Jonathan Quick with a rebound.
9:50 of 3rd period - Snap shot by Milan Michalek.
9:50 of 3rd period - Shot Blocked by Mike Weber.
9:52 of 3rd period - Wrist shot by Devante Smith-Pelly.
9:52 of 3rd period - Shot Misses the Net.
9:54 of 3rd period - Slapshot by Devante Smith-Pelly.
9:54 of 3rd period - Stopped by Jonathan Quick with a rebound.
9:56 of 3rd period - Snap shot by Jason Demers.
9:56 of 3rd period - Deflect By Mike Green.
9:56 of 3rd period - Goal by Jason Demers - RedWings : 2 - Sharks : 3.
9:57 of 3rd period - Brian Gionta wins face-off versus Justin Abdelkader in neutral zone.
10:18 of 3rd period - Snap shot by Brian Gionta.
10:18 of 3rd period - Stopped by Jonas Hiller with a rebound.
10:20 of 3rd period - Slapshot by Brian Gionta.
10:20 of 3rd period - Stopped by Jonas Hiller without a rebound.
10:21 of 3rd period - Richard Panik wins face-off versus Jannik Hansen in RedWings zone.
10:34 of 3rd period - Snap shot by Mike Green.
10:34 of 3rd period - Stopped by Jonas Hiller with a rebound.
11:15 of 3rd period - Snap shot by Justin Abdelkader.
11:15 of 3rd period - Stopped by Jonathan Quick with a rebound.
11:17 of 3rd period - Wrist shot by Justin Abdelkader.
11:17 of 3rd period - Stopped by Jonathan Quick without a rebound.
11:18 of 3rd period - Brad Richards wins face-off versus Devante Smith-Pelly in Sharks zone.
11:31 of 3rd period - Slapshot by Justin Abdelkader.
11:31 of 3rd period - Shot Misses the Net.
11:45 of 3rd period - Snap shot by Justin Abdelkader.
11:45 of 3rd period - Shot Blocked by Dion Phaneuf.
11:47 of 3rd period - Snap shot by Johnny Boychuk.
11:47 of 3rd period - Stopped by Jonathan Quick with a rebound.
11:49 of 3rd period - Slapshot by Devante Smith-Pelly.
11:49 of 3rd period - Stopped by Jonathan Quick without a rebound.
11:50 of 3rd period - Olli Jokinen wins face-off versus Chris VandeVelde in Sharks zone.
11:52 of 3rd period - Minor Penalty to Matt Hendricks for Slashing.
11:53 of 3rd period - Brandon Prust wins face-off versus Brad Richards in Sharks zone.
11:55 of 3rd period - Slapshot by Alex Goligoski.
11:55 of 3rd period - Deflect By Beau Bennett.
11:55 of 3rd period - Stopped by Jonathan Quick without a rebound.
11:56 of 3rd period - Brad Richards wins face-off versus Brandon Prust in Sharks zone.
12:13 of 3rd period - Olli Jokinen is hit by Brandon Prust and loses puck.
12:20 of 3rd period - Slapshot by Alex Goligoski.
12:20 of 3rd period - Stopped by Jonathan Quick with a rebound.
12:42 of 3rd period - Slapshot by Alex Goligoski.
12:42 of 3rd period - Shot Misses the Net.
12:46 of 3rd period - Snap shot by Alex Goligoski.
12:46 of 3rd period - Stopped by Jonathan Quick with a rebound.
12:48 of 3rd period - Slapshot by Jason Demers.
12:48 of 3rd period - Shot Blocked by Nicklas Grossmann.
13:14 of 3rd period - Snap shot by Devante Smith-Pelly.
13:14 of 3rd period - Shot Misses the Net.
13:26 of 3rd period - Minor Penalty to Jason Demers for Holding.
13:27 of 3rd period - Milan Michalek wins face-off versus Brad Richards in RedWings zone.
13:52 of 3rd period - Penalty to Matt Hendricks is over, Matt Hendricks is back on ice.
14:06 of 3rd period - Snap shot by Mike Green.
14:06 of 3rd period - Stopped by Jonas Hiller without a rebound.
14:07 of 3rd period - Andrew Ebbett wins face-off versus Milan Michalek in RedWings zone.
14:17 of 3rd period - Off-side.
14:18 of 3rd period - Milan Michalek wins face-off versus Andrew Ebbett in neutral zone.
15:26 of 3rd period - Penalty to Jason Demers is over, Jason Demers is back on ice.
16:18 of 3rd period - Wrist shot by Chris VandeVelde.
16:18 of 3rd period - Stopped by Jonathan Quick with a rebound.
16:20 of 3rd period - Slapshot by Jason Demers.
16:20 of 3rd period - Shot Blocked by Mark Fistric.
16:22 of 3rd period - Snap shot by Jason Demers.
16:22 of 3rd period - Shot Misses the Net.
16:24 of 3rd period - Snap shot by David Moss.
16:24 of 3rd period - Shot Blocked by Jay Harrison.
16:26 of 3rd period - Slapshot by Jason Demers.
16:26 of 3rd period - Stopped by Jonathan Quick without a rebound.
16:27 of 3rd period - Olli Jokinen wins face-off versus Chris VandeVelde in Sharks zone.
17:16 of 3rd period - Mike Weber is hit by Zac Rinaldo and loses puck.
18:18 of 3rd period - Icing by Mike Green.
18:19 of 3rd period - Justin Abdelkader wins face-off versus Richard Panik in Sharks zone.
18:29 of 3rd period - Icing by Mike Green.
18:30 of 3rd period - Richard Panik wins face-off versus Justin Abdelkader in Sharks zone.
18:54 of 3rd period - Wrist shot by Jannik Hansen.
18:54 of 3rd period - Shot Blocked by Mike Weber.
18:56 of 3rd period - Slapshot by Jannik Hansen.
18:56 of 3rd period - Deflect By Beau Bennett.
18:56 of 3rd period - Stopped by Jonathan Quick with a rebound.
19:00 of 3rd period - RedWings, Jonas Hiller is pulled from the net.
19:30 of 3rd period - Wrist shot by Brad Richards.
19:30 of 3rd period - Deflect By Milan Michalek.
19:30 of 3rd period - Goal by Brad Richards - RedWings : 2 - Sharks : 4.
19:30 of 3rd period - Jonas Hiller from RedWings was sent back in the game.
19:31 of 3rd period - Chris VandeVelde wins face-off versus Olli Jokinen in neutral zone.
19:38 of 3rd period - Slapshot by Bryan Bickell.
19:38 of 3rd period - Shot Blocked by Dion Phaneuf.
Goals for this period are 1 for RedWings vs 2 for Sharks.
Shots for this period are 19 for RedWings vs 9 for Sharks.


Output by the SimonT Hockey Simulator (STHS) for Eric Dolegowski -- Original Page W3C XHTML 1.0 Valid
Hockey Simulator - Hockey Simulation - Hockey Manager